 Dungeon Crawl Stone Soup version 0.21.1-1-g345015f (webtiles) character file.

39 letownia2 the Digger (level 3, 7/19 HPs)
             Began as a Gargoyle Earth Elementalist on Feb 13, 2018.
             Quit the game on level 3 of the Dungeon.
             The game lasted 00:05:25 (739 turns).

letownia2 the Digger (Gargoyle Earth Elementalist)   Turns: 739, Time: 00:05:25

Health: 7/19       AC:  6    Str: 11    XL:     3   Next: 47%
Magic:  6/6        EV: 11    Int: 16    God:
Gold:   21         SH:  0    Dex: 10    Spells: 2/6 levels left

rFire    . . .     SeeInvis .   l - +0 dagger (venom)
rCold    . . .     Gourm    .   (no shield)
rNeg     + . .     Faith    .   f - +0 leather armour
rPois    ∞         Spirit   .   (no helmet)
rElec    +         Reflect  .   (no cloak)
rCorr    .         Harm     +   (no gloves)
MR       .....                  (no boots)
Stlth    ++........             p - amulet of harm
HPRegen  0.06/turn              (no ring)
MPRegen  0.10/turn              (no ring)

@: no status effects
A: negative energy resistance 1, electricity resistance, unbreathing,
petrification resistance, rot immunity, AC +3
a: no special abilities


You were on level 3 of the Dungeon.
You were not hungry.

You visited 1 branch of the dungeon, and saw 3 of its levels.

You collected 21 gold pieces.

Inventory:

Hand Weapons
 g - a +0 hand axe
 i - a +0 dagger
 l - a +0 dagger of venom (weapon)
 m - a +2 short sword of protection
Missiles
 b - 61 stones (quivered)
 h - 2 javelins
Armour
 c - a +0 robe
 f - a +0 leather armour (worn)
Jewellery
 p - an amulet of harm (around neck)
Scrolls
 a - a scroll of identify {unknown}
 j - 2 scrolls of amnesia {unknown}
 k - 3 scrolls of enchant armour {unknown}
Potions
 n - a potion of haste {unknown}
 o - a potion of heal wounds {unknown}
Books
 e - a book of Geomancy

   Spells                             Type                      Level
   a - Sandblast                      Earth                        1
   b - Passwall                       Transmutation/Earth          2
   c - Stone Arrow                    Conjuration/Earth            3
   d - Petrify                        Transmutation/Earth          4
   e - Lee's Rapid Deconstruction     Earth                        5
Comestibles
 d - 3 rations


   Skills:
 - Level 1.5 Dodging
 - Level 2.1 Stealth
 - Level 2.0 Spellcasting
   Level 0.7 Transmutations
 + Level 5.3 Earth Magic


You had 2 spell levels left.
You knew the following spells:

 Your Spells              Type           Power        Failure   Level  Hunger
a - Sandblast             Erth           ###...       3%          1    #......
d - Stone Arrow           Conj/Erth      ##....       26%         3    ###....


Dungeon Overview and Level Annotations

Branches:
Dungeon (3/15)

Altars:
Yredelemnul


Innate Abilities, Weirdness & Mutations

You are resistant to torment.
Your stone body is resilient. (AC +3)
You are immune to poison.
You resist negative energy. (rN+)
You are resistant to electric shocks. (rElec)
You can survive without breathing.
You are immune to petrification.
You are immune to rotting.


Message History

The leopard gecko is severely wounded.
The leopard gecko bites you but does no damage.
You closely miss the leopard gecko.
The leopard gecko is heavily wounded.
The leopard gecko closely misses you.
You closely miss the leopard gecko.
The leopard gecko is heavily wounded.
The leopard gecko bites you.
You miss the leopard gecko.
The leopard gecko is heavily wounded.
The leopard gecko bites you but does no damage.
You hit the leopard gecko.
The leopard gecko is poisoned.
The leopard gecko is almost dead.
You kill the leopard gecko!
You see here a leopard gecko corpse.
d - 3 rations (gained 1)
There are no items here.
k - 3 scrolls labeled HOYTRY JOARUOS (gained 1)
There is a stone staircase leading up here.
Are you sure you want to abandon this character and quit the game? (Confirm with "yes".)

##' b##. .# .##.#### .#
.......# .# ####...# .#
.).'...# .#
##.#...##########.#
#....(............######
#..#.......†....@.......
#.##†####################
#.........# #####...#.#
#.##.####.# #.........#
#. #.# #.#####.###..##.#
#.# #...............# #.#
#######.##########
####.########
#..........#
............#
##########.#


There were no monsters in sight!

Vanquished Creatures
  An ooze (D:3)
  A worm (D:3)
  3 leopard geckos
  7 goblins
  2 hobgoblins
  3 jackals (D:3)
  A ball python (D:1)
  3 bats
  2 frilled lizards
  3 kobolds
  3 rats
29 creatures vanquished.

Notes
Turn   | Place    | Note
-------+----------+-------------------------------------------
     0 | D:1      | letownia2 the Gargoyle Earth Elementalist began the quest for the Orb.
     0 | D:1      | Reached XP level 1. HP: 10/10 MP: 3/3
    80 | D:1      | Reached skill level 4 in Earth Magic
   173 | D:1      | Reached XP level 2. HP: 13/15 MP: 0/5
   521 | D:2      | Found a basalt altar of Yredelemnul.
   566 | D:3      | Reached XP level 3. HP: 14/19 MP: 4/6
   578 | D:3      | Reached skill level 5 in Earth Magic
   616 | D:3      | Learned a level 3 spell: Stone Arrow
   739 | D:3      | Quit the game

Skill      XL: |  1  2  3 |
---------------+----------+-----
Earth Magic    | 4 5 |  5.3
Dodging        | |  1.5
Stealth        | |  2.1
Spellcasting   | |  2.0
Transmutations | |  0.7

Action                   || total
-------------------------++-------
Melee: Dagger            ||    90
 Cast: Sandblast         ||    10
 Stab: Sleeping          ||     1
Armor: Leather armour    ||    31
Dodge: Dodged            ||    37
